 Dungeon Crawl Stone Soup version 0.27-a0-448-gace5c5693b (webtiles) character file.

Game seed: 4566533118449515270

346 HoaS the Ruffian (level 6, -5/51 HPs)
             Began as a Demigod Gladiator on Feb 27, 2021.
             Slain by an elf zombie (6 damage)
             ... in an ossuary.
             The game lasted 00:08:26 (4050 turns).

HoaS the Ruffian (Demigod Gladiator)                Turns: 4050, Time: 00:08:27

Health: -5/51      AC: 12    Str: 23    XL:     6   Next: 10%
Magic:  8/8        EV: 10    Int: 10    God:
Gold:   113        SH:  0    Dex: 15    Spells: 5/5 levels left

rFire    . . .     SeeInvis +     - Unarmed
rCold    + . .     Faith    .   (no shield)
rNeg     . . .     Spirit   .   l - +3 chain mail
rPois    .         Reflect  .   b - +0 helmet
rElec    .         Harm     .   (no cloak)
rCorr    .         Rampage  .   (no gloves)
Will     .....                  (no boots)
Stlth    ..........             (no amulet)
HPRegen  0.17/turn              a - ring of protection from cold
MPRegen  0.11/turn              d - ring of see invisible

@: no status effects
A: high mp 1
a: no special abilities


You were in an ossuary.
You visited 1 branch of the dungeon, and saw 4 of its levels.
You also visited: Ossuary.

You collected 113 gold pieces.

Inventory:

Missiles
 c - 2 throwing nets (quivered)
 h - 6 boomerangs
Armour
 b - a +0 helmet (worn)
 e - a +0 plate armour
 l - a +3 chain mail (worn)
Jewellery
 a - a ring of protection from cold (left hand)
 d - a ring of see invisible (right hand)
Potions
 f - a potion of haste {unknown}
 i - a potion of lignification {unknown}
 j - a potion of flight {unknown}
 k - a potion of brilliance {unknown}


   Skills:
 + Level 3.0 Fighting
 - Level 1.7 Throwing
 + Level 2.3 Armour
 + Level 3.7 Dodging
 * Level 4.6 Unarmed Combat


You had 5 spell levels left.
You didn't know any spells.
Your spell library was empty.

Dungeon Overview and Level Annotations

Branches:
Dungeon (4/15)            Ossuary (1/1)
 Temple: D:4-7

Portals:
Sewer: D:4


Innate Abilities, Weirdness & Mutations

You have an increased reservoir of magic. (+10% MP)


Message History

The jackal zombie bites you but does no damage.
You hit the elf zombie.
The elf zombie is moderately damaged.
The elf zombie hits you.
* * * LOW HITPOINT WARNING * * *
The jackal zombie barely misses you.
You closely miss the elf zombie.
The elf zombie is moderately damaged.
The jackal zombie bites you but does no damage.
The elf zombie hits you but does no damage.
You hit the elf zombie.
The elf zombie is heavily damaged.
The jackal zombie bites you but does no damage.
You hit the elf zombie.
The elf zombie is heavily damaged.
The jackal zombie barely misses you.
The elf zombie hits you but does no damage.
You hit the elf zombie.
The elf zombie is heavily damaged.
The jackal zombie bites you but does no damage.
The elf zombie hits you but does no damage.
You hit the elf zombie.
The elf zombie is severely damaged.
The jackal zombie bites you.
* * * LOW HITPOINT WARNING * * *
The elf zombie hits you.
* * * LOW HITPOINT WARNING * * *
You hit the elf zombie.
The elf zombie is severely damaged.
The jackal zombie closely misses you.
You hit the elf zombie. You punch the elf zombie.
The elf zombie is almost destroyed.
The sentinel's mark upon you fades away.
The jackal zombie misses you.
The elf zombie hits you but does no damage.
The jackal zombie closely misses you.
You barely miss the elf zombie.
The elf zombie is almost destroyed.
The elf zombie hits you.
You die...

#...##############...#
#...# #...# #...#
#...# #...# #...#
#...# ....+####...#
#...# #.∩.....#...#
#...# #.......#...#
#...# #.......#...#
#...#Z####Z......#...#
#...#ZZZ@ZZZ.....#...#
#...#Z####Z.####.#...#
#...# #.^# #...# #...#
#^.# #...#
#...######^.######...#
#....................#
#........8..8........#
#....................#
#....................#


You could see 3 jackal zombies, a goblin zombie, 2 hobgoblin zombies, a kobold
zombie, 2 orc zombies and an elf zombie.

Vanquished Creatures
  An ogre (D:4)
  Jessica (D:2)
  An iguana (D:3)
  2 mummies (Ossuary)
  Robin (D:3)
  5 adders
  An ooze (D:1)
  A worm (D:2)
  2 dart slugs
  A leopard gecko (D:2)
  4 orcs
  9 giant cockroaches
  17 goblins
  18 hobgoblins
  4 jackals (D:2)
  8 kobolds
  10 bats
  5 frilled lizards
  3 hobgoblin zombies (Ossuary)
  A jackal zombie (Ossuary)
  11 kobold zombies (Ossuary)
  7 orc zombies (Ossuary)
  6 rats
119 creatures vanquished.

Notes
Turn   | Place    | Note
-------+----------+-------------------------------------------
     0 | D:1      | HoaS the Demigod Gladiator began the quest for the Orb.
     0 | D:1      | Reached XP level 1. HP: 17/17 MP: 3/3
   238 | D:1      | Reached XP level 2. HP: 23/24 MP: 4/4
   243 | D:1      | Reached skill level 3 in Unarmed Combat
   902 | D:1      | Reached XP level 3. HP: 27/29 MP: 5/5
  1188 | D:2      | Found a shadowy altar of Dithmenos.
  1194 | D:2      | Reached skill level 1 in Armour
  1562 | D:2      | Noticed Jessica
  1577 | D:2      | Killed Jessica
  1578 | D:2      | Reached XP level 4. HP: 30/37 MP: 6/6
  2725 | D:3      | Reached skill level 4 in Unarmed Combat
  2987 | D:3      | Reached XP level 5. HP: 42/42 MP: 7/7
  3005 | D:3      | Noticed Robin
  3023 | D:3      | Killed Robin
  3056 | D:3      | HP: 2/42 [poisoned by Robin]
  3064 | D:3      | HP: 1/42 [poisoned by Robin]
  3461 | D:4      | Found a glowing drain.
  3483 | D:3      | HP: 2/42 [iguana (5)]
  3812 | D:4      | Noticed an ogre
  3823 | D:4      | Killed an ogre
  3836 | D:4      | Found a sand-covered staircase.
  3844 | Ossuary  | Entered an ossuary
  3961 | Ossuary  | Reached XP level 6. HP: 49/51 MP: 8/8
  4047 | Ossuary  | HP: 1/51 [elf zombie (4)]
  4050 | Ossuary  | Slain by an elf zombie

Illustrated notes

Levels and vault maps discovered:
D:1:      dpeg_arrival_houses_and_road, layout_basic,
          kennysheep_decorative_pillar
D:2:      layout_rooms, nicolae_dithmenos_shadow_blocks, uniq_jessica
D:3:      layout_basic, uniq_robin
D:4:      layout_layer_cave, grunt_temple_overflow_open, gup_sewer_entry_glass,
          enter_ossuary_4
Ossuary:  ossuary_tomb_1

Skill      XL: |  1  2  3  4  5 |
---------------+----------------+-----
Fighting       | 2 3 |  3.0
Unarmed Combat | 3 4 |  4.6
Dodging        | 3 |  3.7
Armour         | 1 2 |  2.3
Throwing       | |  1.7

Action                   |  1- 3 |  4- 6 || total
-------------------------+-------+-------++-------
Melee: Unarmed           |   170 |   304 ||   474
       Punch             |     3 |     4 ||     7
Throw: Throwing net      |       |     1 ||     1
  Use: Scroll            |       |     5 ||     5
       Potion            |       |     1 ||     1
Armor: Leather armour    |    32 |       ||    32
       Ring mail         |    21 |    46 ||    67
       Chain mail        |       |    71 ||    71
Dodge: Dodged            |   111 |   124 ||   235

Table legend: (Time is in decaauts)
 A = Elapsed time spent in this place.
 B = Non-inter-level travel time spent in this place.
 C = Inter-level travel time spent in this place.
 D = Time resting spent in this place.
 E = Time spent auto-exploring this place.
 F = Levels seen in this place.
 G = Mean time per level.
                   A        B        C        D        E       F      G
               +--------+--------+--------+--------+--------+-----+--------+
         Total |   4012 |   3905 |    107 |   1476 |   1582 |   5 |  802.4 |
       Dungeon |   3816 |   3709 |    107 |   1476 |   1547 |   4 |  954.0 |
       Ossuary |    196 |    196 |      0 |      0 |     35 |   1 |  196.0 |
               +--------+--------+--------+--------+--------+-----+--------+

Top non-repeatable levels by time:
     D:3: 1993 daAuts
     D:1: 1119 daAuts
     D:2: 625 daAuts
 Ossuary: 196 daAuts
     D:4: 77 daAuts
